 Dungeon Crawl Stone Soup version 0.24.0-10-g970556be89 (webtiles) character file.

Game seed: 293099637065462166, levelgen mode: deterministic

23404 Lanoc the Cruncher (level 12, -10/108 HPs)
             Began as a Minotaur Abyssal Knight on Nov 3, 2019.
             Was the Champion of Lugonu.
             Killed by divine providence
             ... invoked by a meliai
              (13 damage)
             ... on level 15 of the Dungeon.
             The game lasted 00:31:27 (11118 turns).

Lanoc the Cruncher (Minotaur Abyssal Knight)       Turns: 11118, Time: 00:31:29

Health: -10/108    AC: 18    Str: 18    XL:     12   Next: 71%
Magic:  7/17       EV: 13    Int:  9    God:    Lugonu [******]
Gold:   939        SH:  9    Dex: 14    Spells: 11/11 levels left

rFire    . . .     SeeInvis .   z - +9 staff of Olgreb {rPois}
rCold    . . .     Gourm    .   m - +0 shield
rNeg     . . .     Faith    .   j - +4 scale mail {MR+}
rPois    ∞         Spirit   .   C - +1 hat
rElec    .         Reflect  .   (no cloak)
rCorr    .         Harm     .   L - +0 pair of gloves
MR       ++...                  (no boots)
Stlth    ..........             p - amulet of regeneration
HPRegen  0.68/turn              O - ring of protection from magic
MPRegen  0.15/turn              B - +3 ring of protection

@: about to teleport
A: retaliatory headbutt, horns 2
a: Depart the Abyss, Bend Space, Banish, Corrupt, Enter the Abyss, Brand Weapon
With Distortion, Renounce Religion


You were on level 15 of the Dungeon.
You worshipped Lugonu.
Lugonu was exalted by your worship.
You were not hungry.

You visited 2 branches of the dungeon, and saw 15 of its levels.
You visited the Abyss 1 time.

You collected 939 gold pieces.

Inventory:

Hand Weapons
 e - the +6 bardiche of Zybicw {venom, -Tele MR++}
   (You acquired it on level 5 of the Dungeon)

   It poisons the flesh of those it strikes.
   It affects your resistance to hostile enchantments.
   It prevents most forms of teleportation.
 i - a +5 trident of venom
 z - the +9 staff of Olgreb (weapon) {rPois}
   (You found it on level 6 of the Dungeon)

   It protects you from poison.
Missiles
 v - 3 atropa-tipped darts (quivered)
Armour
 j - a +4 scale mail of magic resistance (worn)
 m - a +0 shield (worn)
 C - a +1 hat (worn)
 G - a cursed +0 large shield
 L - a +0 pair of gloves (worn)
Jewellery
 b - an uncursed amulet of the gourmand
 p - an amulet of regeneration (around neck)
 q - an uncursed ring of see invisible
 x - an uncursed ring of protection from cold
 B - a +3 ring of protection (right hand)
 O - a ring of protection from magic (left hand)
Wands
 t - a wand of disintegration (56)
 w - a wand of polymorph (7)
 J - a wand of paralysis (7)
Scrolls
 l - 2 scrolls of teleportation
 n - a scroll of amnesia
 s - a scroll of fog
 u - 3 scrolls of fear
 y - a scroll of brand weapon
 D - 2 scrolls of remove curse
 E - 2 scrolls of magic mapping
 F - a scroll of blinking
 M - 3 scrolls of enchant armour
 N - a scroll of enchant weapon
Potions
 a - 4 potions of heal wounds
 f - 4 potions of lignification
 g - 2 potions of magic
 h - 4 potions of curing
 k - 2 potions of agility
 r - 2 potions of haste
 A - 2 potions of brilliance
 H - 2 potions of invisibility
 K - a potion of ambrosia
Comestibles
 c - 25 rations
 d - 4 chunks of flesh


   Skills:
 + Level 10.6 Fighting
 - Level 9.0(11.1) Polearms
 - Level 10.8(12.0) Staves
 + Level 10.4 Armour
 + Level 9.4 Dodging
 + Level 3.8 Shields
 + Level 8.6 Invocations
 + Level 5.8 Evocations


You had 11 spell levels left.
You didn't know any spells.
Your spell library contained the following spells:

 Spells                   Type           Power        Failure   Level  Hunger
 Confusing Touch          Hex            #.....       99%         1    ##.....
 Summon Small Mammal      Summ           #...         99%         1    ##.....
 Call Imp                 Summ           #.......     100%        2    ###....
 Call Canine Familiar     Summ           #.......     100%        3    ####...
 Confuse                  Hex            #.......     100%        3    ####...
 Gell's Gravitas          Tloc           #.........   100%        3    ####...
 Summon Guardian Golem    Hex/Summ       #.......     100%        3    ####...
 Petrify                  Tmut/Erth      #.......     100%        4    #####..
 Summon Ice Beast         Ice/Summ       #.......     100%        4    #####..
 Summon Lightning Spire   Summ/Air       #.......     100%        4    #####..
 Metabolic Englaciation   Hex/Ice        #.........   100%        5    ######.
 Yara's Violent Unravell  Hex/Tmut       #.........   100%        5    ######.


Dungeon Overview and Level Annotations

Branches:
Dungeon (13/15)            Temple (1/1) D:4            Lair (0/6) D:9
    Orc (0/2) D:9
 Vaults: D:13-14

Altars:
Ashenzari
Cheibriados
Dithmenos
Elyvilon
Hepliaklqana
Kikubaaqudgha
Makhleb
Okawaru
Qazlal
Ru
Sif Muna
Trog
Uskayaw
Vehumet
Yredelemnul
The Shining One

Annotations:
D:6 1 runed translucent door
D:11 6 runed translucent doors, exclusion: obsidian statue, Vidiiot's ghost, journeyman GrFi


Innate Abilities, Weirdness & Mutations

You reflexively headbutt those who attack you in melee.
You have a pair of horns on your head.


Message History

The meliai buzzes angrily.
As you read the scroll of teleportation, it crumbles to dust.
You feel strangely unstable.
The meliai buzzes angrily.
The meliai hits you but does no damage.
The meliai stings you but does no damage.
The slime creature hits you but does no damage. 3 slime creatures come into view.
The slime creature quivers. x3
The meliai calls down the wrath of its god upon you.
Something smites you!
* * * LOW HITPOINT WARNING * * *
The meliai calls down the wrath of its god upon you.
Something smites you!
* * * LOW HITPOINT WARNING * * *
The slime creature hits you!
* * * LOW HITPOINT WARNING * * *
The meliai invokes the aid of its god against you.
Something smites you!
You die... #.{ #.. #JJ

#.J #..
.####..########.
.......J..yy....
.......@yyyy....
####..#########.
#. # #..
..####..#
........#
.......#


You could see 4 slime creatures and 6 meliai.

Vanquished Creatures
  A hydra (D:12)
  2 two-headed ogres
  3 death yaks (D:9)
  Nergalle (D:10)
  2 ugly things
  2 manticores
  2 centaur skeletons
  2 kobold demonologists (D:13)
  8 trolls
  A hornet (D:8)
  4 hippogriffs
  A shadow (D:11)
  Sigmund (D:6)
  22 yaks
  A wraith (D:12)
  2 wyverns
  A basilisk (D:12)
  4 hungry ghosts
  Edmund (D:4)
  6 soldier ants
  Duvessa (D:5)
  2 acid dragons
  3 water moccasins (D:6)
  6 orc warriors
  A porcupine (D:9)
  3 black bears
  2 phantoms
  5 ice beasts
  5 sky beasts
  An eye of draining (D:9)
  4 ogres
  3 crocodiles
  11 centaurs
  2 big kobolds
  5 bullfrogs
  Dowan (D:5)
  5 scorpions
  A water moccasin skeleton (D:8)
  15 killer bees
  14 wights
  2 howler monkeys (D:7)
  5 crimson imps
  2 quasits (D:10)
  6 hounds
  3 jellies
  9 orc priests
  11 orc wizards
  Jessica (D:3)
  2 bullfrog skeletons
  Terence (D:2)
  11 worker ants
  7 iguanas
  A killer bee zombie (D:6)
  3 hound zombies
  2 hound skeletons
  2 worker ant zombies
  Robin (D:2)
  4 gnolls (D:4)
  A howler monkey skeleton (D:8)
  18 adders
  2 river rats (D:9)
  5 shadow imps
  An adder skeleton (D:9)
  2 adder zombies
  5 worms
  A dart slug (D:3)
  2 leopard geckos
  58 orcs
  4 giant cockroaches
  11 goblins
  5 hobgoblins
  3 jackals (D:11)
  13 kobolds
  4 quokkas
  6 bats
  4 frilled lizards
  A jackal skeleton (D:8)
  A jackal zombie (D:7)
  3 quokka skeletons
  11 rats
391 creatures vanquished.

Notes
Turn   | Place    | Note
-------+----------+-------------------------------------------
     0 | Abyss:1  | Lanoc the Minotaur Abyssal Knight began the quest for the
                  | Orb.
     0 | Abyss:1  | Reached XP level 1. HP: 19/19 MP: 1/1
    40 | Abyss:1  | Noticed a large abomination
    42 | D:1      | Escaped the Abyss
   390 | D:1      | Reached XP level 2. HP: 27/27 MP: 2/2
   399 | D:1      | Reached * piety under Lugonu
   544 | D:2      | Noticed Terence
   564 | D:2      | Killed Terence
   564 | D:2      | Reached XP level 3. HP: 8/33 MP: 3/3
   979 | D:2      | Reached XP level 4. HP: 33/40 MP: 4/4
  1182 | D:2      | Noticed Robin
  1230 | D:2      | Killed Robin
  1698 | D:3      | Reached ** piety under Lugonu
  1941 | D:3      | Reached XP level 5. HP: 44/47 MP: 6/6
  1948 | D:3      | Noticed Jessica
  1954 | D:3      | Killed Jessica
  2665 | D:4      | Reached XP level 6. HP: 15/53 MP: 7/7
  2668 | D:4      | Reached skill level 1 in Shields
  3168 | D:4      | Found a burning altar of Makhleb.
  3174 | D:4      | Reached skill level 5 in Polearms
  3176 | D:4      | Found a stormy altar of Qazlal.
  3176 | D:4      | Found a bloodstained altar of Trog.
  3177 | D:4      | Found a glowing golden altar of the Shining One.
  3178 | D:4      | Found a shimmering blue altar of Sif Muna.
  3179 | D:4      | Found a white marble altar of Elyvilon.
  3181 | D:4      | Found a shattered altar of Ashenzari.
  3206 | D:4      | Noticed Edmund
  3214 | D:4      | Killed Edmund
  3214 | D:4      | Reached XP level 7. HP: 59/60 MP: 8/8
  3215 | D:4      | Found a staircase to the Ecumenical Temple.
  3223 | D:4      | Reached skill level 5 in Fighting
  3234 | Temple   | Entered the Ecumenical Temple
  3524 | D:4      | Reached *** piety under Lugonu
  3619 | D:5      | Entered Level 5 of the Dungeon
  3783 | D:5      | Reached XP level 8. HP: 36/69 MP: 8/10
  4084 | D:5      | Noticed Duvessa
  4084 | D:5      | Noticed Dowan
  4095 | D:5      | Killed Duvessa
  4095 | D:5      | Reached skill level 5 in Armour
  4099 | D:5      | Killed Dowan
  4203 | D:5      | Identified a scroll of acquirement
  4204 | D:5      | Got an ancient bardiche
  4210 | D:5      | Identified the +6 bardiche of Zybicw {venom, -Tele MR++}
                  | (You acquired it on level 5 of the Dungeon)
  4290 | D:6      | Found an ancient bone altar of Kikubaaqudgha.
  4292 | D:6      | Found a radiant altar of Vehumet.
  4298 | D:6      | Noticed Sigmund
  4324 | D:6      | Killed Sigmund
  4512 | D:6      | Found the +9 staff of Olgreb {rPois}
  4512 | D:6      | Found a runed translucent door.
  4519 | D:6      | Found a runed translucent gate.
  4519 | D:6      | Found a runed translucent gate.
  4520 | D:6      | Found a runed translucent door.
  4530 | D:6      | Found a runed translucent gate.
  4560 | D:6      | Reached skill level 5 in Dodging
  4564 | D:6      | Reached XP level 9. HP: 70/78 MP: 11/11
  4568 | D:6      | Reached skill level 5 in Invocations
  4691 | D:6      | Reached **** piety under Lugonu
  4829 | D:6      | Found a snail-covered altar of Cheibriados.
  4829 | D:6      | Found an iron altar of Okawaru.
  4894 | D:6      | Found a sacrificial altar of Ru.
  4956 | D:7      | Reached skill level 1 in Staves
  5001 | D:7      | Found a hide-covered altar of Uskayaw.
  5153 | D:7      | Reached skill level 1 in Evocations
  5294 | D:6      | Found a hazy altar of Hepliaklqana.
  5854 | D:8      | Reached XP level 10. HP: 71/88 MP: 13/13
  5998 | D:8      | Noticed a two-headed ogre
  6015 | D:8      | Killed a two-headed ogre
  6015 | D:8      | Reached skill level 5 in Staves
  6819 | D:9      | Reached ***** piety under Lugonu
  7017 | D:9      | Reached XP level 11. HP: 91/95 MP: 15/15
  7112 | D:9      | Found a staircase to the Orcish Mines.
  7246 | D:9      | Noticed a death yak
  7248 | D:9      | Noticed a death yak
  7250 | D:9      | Noticed a death yak
  7273 | D:9      | Killed a death yak
  7277 | D:9      | Killed a death yak
  7287 | D:9      | Killed a death yak
  7386 | D:9      | Found a staircase to the Lair.
  7993 | D:10     | Entered Level 10 of the Dungeon
  8604 | D:10     | Noticed Nergalle
  8614 | D:10     | Killed Nergalle
  8819 | D:11     | Found a runed translucent door.
  8886 | D:11     | Found a runed translucent door.
  8886 | D:11     | Found a runed translucent gate.
  8887 | D:11     | Found a runed translucent gate.
  8888 | D:11     | Found a runed translucent gate.
  9027 | D:11     | Noticed Vidiiot's ghost (journeyman GrFi)
  9080 | D:11     | Found a runed translucent door.
  9264 | D:11     | Noticed a green ugly thing
  9265 | D:11     | Found a runed translucent door.
  9283 | D:11     | Killed a green ugly thing
  9283 | D:11     | Reached ****** piety under Lugonu
  9283 | D:11     | Reached XP level 12. HP: 106/106 MP: 16/16
  9830 | D:12     | Reached skill level 5 in Evocations
  9864 | D:12     | Reached skill level 10 in Fighting
  9959 | D:12     | Reached skill level 10 in Staves
 10212 | D:12     | Reached skill level 10 in Armour
 10451 | D:12     | Noticed a two-headed ogre
 10459 | D:12     | Killed a two-headed ogre
 10520 | D:12     | Noticed a four-headed hydra
 10530 | D:12     | Killed a four-headed hydra
 11023 | D:13     | You fall into a shaft and drop 2 floors!
 11023 | D:15     | Entered Level 15 of the Dungeon
 11097 | D:15     | Noticed an emperor scorpion
 11100 | D:15     | Noticed a dire elephant
 11118 | D:15     | HP: 3/108 [slime creature (12)]
 11118 | D:15     | Killed from afar by a meliai

Levels and vault maps discovered:
D:1:      erik_arrival_cave_to_civilisation [erik_arrival_cave_to_hall],
          layout_basic, minmay_octomino_e4
D:2:      layout_loops_ring, uniq_robin, uniq_terence
D:3:      layout_loops_corners, minivault_14, uniq_jessica
D:4:      black_bear_nest_1, layout_loops_cross, minitemple,
          minmay_temple_entry_proselytizer, first_ration, kennysheep_diamond,
          grunt_ministairs_15, uniq_edmund
D:5:      layout_layer_cave, minivault_19, minmay_liquid_box,
          minmay_misc_feat_more_columns, uniq_duvessa
D:6:      layout_rooms, nicolae_overflow_hidden_temple, basic_altar,
          minmay_guarded_unrand_staff_of_olgreb, uniq_sigmund
D:7:      layout_basic, kennysheep_mini
D:8:      minmay_the_grid_four_pointed_star
          [minmay_the_grid_triangle_9x9_intruding_spiral,
          minmay_the_grid_triangle_9x9_zippers_vertical,
          minmay_the_grid_triangle_9x9_impossible_snake,
          minmay_the_grid_triangle_9x9_stretched_checkered,
          minmay_the_grid_prize_four_corners], layout_basic,
          hangedman_pestilent_swarm
D:9:      layout_stronghold, dpeg_lair_monsters, orc_0_dummy,
          minmay_misc_feat_doors
D:10:     layout_loops_ring, minmay_orc_keep, uniq_nergalle
D:11:     layout_gridville, gammafunk_ghost_icy, minmay_statue_crystal_thing
D:12:     layout_cave_pods
D:13:     layout_irregular_city, basic_altar, serial_shops, shop
D:15:     hangedman_depths_entry_try_elsewhere_first, layout_small_grid,
          chequers_serial_rivers_micro_c, serial_shops, shop, uniq_rupert
Temple:   compressed_dpeg_triangle_lava_temple

Skill      XL: |  1  2  3  4  5  6  7  8  9 10 11 12 |
---------------+-------------------------------------+-----
Invocations    | 2 3 4 5 6 7 8 |  8.6
Polearms       | 3 4 5 6 8 9 |  9.0
Fighting       | 4 5 6 7 8 9 10 | 10.6
Armour         | 3 4 6 7 8 9 10 | 10.4
Dodging        | 2 3 4 5 6 7 8 9 |  9.4
Shields        | 1 3 |  3.8
Staves         | 3 6 9 10 | 10.8
Evocations     | 1 3 4 5 |  5.8

Action                   |  1- 3 |  4- 6 |  7- 9 | 10-12 || total
-------------------------+-------+-------+-------+-------++-------
Melee: Spear             |    74 |    51 |       |       ||   125
       Headbutt          |     7 |    17 |    52 |   191 ||   267
       Trident           |       |   125 |   209 |       ||   334
       Staff             |       |       |   103 |   818 ||   921
Invok: Depart the Abyss  |     1 |       |       |       ||     1
Evoke: Staff of Olgreb   |       |       |       |    38 ||    38
  Use: Scroll            |       |     8 |     8 |     9 ||    25
       Potion            |       |     3 |       |     1 ||     4
  Eat: Chunk             |       |    11 |     5 |    20 ||    36
       Ration            |       |       |       |     2 ||     2
Armor: Leather armour    |     7 |       |       |       ||     7
       Scale mail        |     8 |    68 |    91 |   312 ||   479
       Skin              |       |     2 |       |       ||     2
Dodge: Dodged            |    25 |    52 |   104 |   303 ||   484
Block: Shield            |       |    17 |   112 |   353 ||   482
